[ AOE2 MATCH · #474817154 ]
Team RMVietnamese vs Mongols
[ REPLAY ANALYSIS · EXTRACTED FROM THE RECORDED GAME ]
Feudal
—
Castle
—
Imperial
—
| APM avg | 10.9 |
| APM peak | 31 |
| eAPM avg | 8.1 |
| Villagers / military | 57 / 23 |
Focus
⚔️ 17.6% · 🌾 82.4%
Fishing Ship ×16 · Rattan Archer ×10 · Skirmisher ×8 · Spearman ×5
Feudal
18:47
Castle
24:09
Imperial
—
| APM avg | 17.8 |
| APM peak | 42 |
| eAPM avg | 10.8 |
| Villagers / military | 50 / 19 |
Focus
⚔️ 20.8% · 🌾 79.2%
Fishing Ship ×39 · Spearman ×8 · Skirmisher ×6 · Cavalry Archer ×5
Feudal
16:43
Castle
—
Imperial
—
| APM avg | 11.2 |
| APM peak | 25 |
| eAPM avg | 5.9 |
| Villagers / military | 18 / 0 |
Focus
⚔️ 6.1% · 🌾 93.9%
Fishing Ship ×10
Feudal
12:48
Castle
16:43
Imperial
—
| APM avg | 50.3 |
| APM peak | 107 |
| eAPM avg | 27.1 |
| Villagers / military | 79 / 29 |
Focus
⚔️ 23.7% · 🌾 76.3%
Mangudai ×22 · Fishing Ship ×17 · Mangonel ×7
Feudal
—
Castle
—
Imperial
—
| APM avg | 11.5 |
| APM peak | 23 |
| eAPM avg | 8.8 |
| Villagers / military | 43 / 8 |
Focus
⚔️ 23.0% · 🌾 77.0%
Serjeant ×8
Feudal
16:12
Castle
26:45
Imperial
—
| APM avg | 20.3 |
| APM peak | 100 |
| eAPM avg | 6.6 |
| Villagers / military | 37 / 0 |
Focus
⚔️ 4.1% · 🌾 95.9%
Trade Cog ×11
Match map
Initial resources + every placement click. Lines = walls · curves = elevation contours. ◆ gold · ⬟ stone · ● berries · ✦ relic · ◌ wall gap
Inputs per minute
— frizboum - - 楊家富是菜DOG
Build order — frizboum
134 actions detected in the replay
| 2:03 | Build | Town Center |
| 4:05 | Build | House |
| 4:07 | Build | House |
| 4:10 | Build | House |
| 4:17 | Create | Villager (Male) |
| 4:17 | Create | Villager (Male) |
| 4:18 | Create | Villager (Male) |
| 4:18 | Create | Villager (Male) |
| 4:18 | Create | Villager (Male) |
| 4:59 | Build | House |
| 5:37 | Create | Villager (Male) |
| 6:12 | Create | Villager (Male) |
| 6:12 | Create | Villager (Male) |
| 6:42 | Research | Loom |
| 7:06 | Create | Villager (Male) |
| 7:07 | Create | Villager (Male) |
| 7:33 | Create | Villager (Male) |
| 7:34 | Create | Villager (Male) |
| 7:56 | Create | Villager (Male) |
| 7:56 | Create | Villager (Male) |
| 8:15 | Create | Villager (Male) |
| 8:53 | Create | Villager (Male) |
| 8:53 | Create | Villager (Male) |
| 9:08 | Build | House |
| 9:10 | Build | House |
| 9:34 | Create | Villager (Male) |
| 9:42 | Create | Villager (Male) |
| 10:12 | Build | Dock |
| 10:14 | Create | Villager (Male) |
| 10:15 | Create | Villager (Male) |
| 10:30 | Build | House |
| 10:31 | Build | House |
| 10:51 | Create | Villager (Male) |
| 10:52 | Create | Villager (Male) |
| 10:56 | Create | Fishing Ship |
| 10:57 | Create | Fishing Ship |
| 10:57 | Create | Fishing Ship |
| 11:27 | Create | Villager (Male) |
| 11:46 | Build | Mining Camp |
| 11:53 | Create | Villager (Male) |
| 12:07 | Create | Villager (Male) |
| 12:10 | Create | Villager (Male) |
| 12:24 | Create | Villager (Male) |
| 12:39 | Create | Fishing Ship |
| 13:09 | Create | Villager (Male) |
| 13:10 | Create | Villager (Male) |
| 13:23 | Create | Villager (Male) |
| 13:40 | Create | Villager (Male) |
| 14:04 | Build | Lumber Camp |
| 14:17 | Create | Villager (Male) |
| 15:07 | Create | Villager (Male) |
| 15:12 | Create | Fishing Ship |
| 15:13 | Create | Fishing Ship |
| 15:13 | Create | Fishing Ship |
| 15:13 | Create | Fishing Ship |
| 15:38 | Research | Feudal Age |
| 15:43 | Create | Villager (Male) |
| 16:04 | Build | Barracks |
| 16:09 | Create | Villager (Male) |
| 16:35 | Build | Mill |
| 16:43 | Create | Villager (Male) |
| 17:03 | Build | Mining Camp |
| 17:43 | Create | Fishing Ship |
| 17:43 | Create | Fishing Ship |
| 17:43 | Create | Fishing Ship |
| 17:54 | Research | Double-Bit Axe |
| 18:16 | Build | Archery Range |
| 18:20 | Research | Wheelbarrow |
| 18:42 | Create | Villager (Male) |
| 18:42 | Create | Villager (Male) |
| 19:41 | Build | Market |
| 19:46 | Create | Villager (Male) |
| 19:54 | Build | Blacksmith |
| 19:58 | Create | Villager (Male) |
| 20:07 | Research | Horse Collar |
| 20:23 | Build | Farm |
| 20:43 | Build | House |
| 21:11 | Create | Fishing Ship |
| 21:11 | Create | Fishing Ship |
| 21:39 | Research | Castle Age |
| 21:43 | Build | House |
| 21:45 | Build | House |
| 21:46 | Build | House |
| 21:46 | Build | House |
| 22:07 | Create | Villager (Male) |
| 22:07 | Create | Villager (Male) |
| 22:08 | Create | Villager (Male) |
| 22:12 | Create | Spearman |
| 22:12 | Create | Spearman |
| 22:18 | Create | Skirmisher |
| 22:19 | Create | Skirmisher |
| 22:19 | Create | Skirmisher |
| 22:19 | Create | Skirmisher |
| 22:26 | Create | Fishing Ship |
| 22:27 | Create | Fishing Ship |
| 22:27 | Create | Fishing Ship |
| 22:41 | Create | Spearman |
| 22:42 | Create | Spearman |
| 22:42 | Create | Spearman |
| 22:50 | Create | Skirmisher |
| 22:50 | Create | Skirmisher |
| 22:50 | Create | Skirmisher |
| 22:50 | Create | Skirmisher |
| 23:31 | Create | Villager (Male) |
| 23:41 | Create | Villager (Male) |
| 24:10 | Create | Villager (Male) |
| 24:10 | Create | Villager (Male) |
| 24:36 | Build | Castle |
| 24:49 | Create | Villager (Male) |
| 24:49 | Create | Villager (Male) |
| 24:49 | Create | Villager (Male) |
| 24:50 | Create | Villager (Male) |
| 24:50 | Create | Villager (Male) |
| 25:01 | Create | Villager (Male) |
| 25:33 | Create | Villager (Male) |
| 25:33 | Create | Villager (Male) |
| 25:43 | Build | Town Center |
| 25:46 | Create | Villager (Male) |
| 26:17 | Create | Rattan Archer |
| 26:17 | Create | Rattan Archer |
| 26:17 | Create | Rattan Archer |
| 26:17 | Create | Rattan Archer |
| 26:18 | Create | Rattan Archer |
| 26:18 | Create | Rattan Archer |
| 26:18 | Create | Rattan Archer |
| 26:19 | Create | Rattan Archer |
| 26:19 | Create | Rattan Archer |
| 26:19 | Create | Rattan Archer |
| 26:33 | Build | Siege Workshop |
| 26:45 | Build | House |
| 26:46 | Build | House |
| 26:48 | Build | House |
| 26:54 | Build | House |
| 26:55 | Build | House |
Build order — 楊家富是菜DOG
101 actions detected in the replay
| 0:36 | Build | Town Center |
| 1:18 | Build | Dock |
| 2:22 | Build | House |
| 3:05 | Create | Villager (Male) ×4 |
| 3:05 | Create | Villager (Male) ×4 |
| 3:27 | Build | House |
| 4:43 | Create | Villager (Male) |
| 4:49 | Research | Loom |
| 4:57 | Create | Fishing Ship |
| 5:43 | Create | Fishing Ship |
| 5:47 | Create | Villager (Male) |
| 6:34 | Create | Fishing Ship |
| 6:43 | Build | House |
| 6:57 | Create | Villager (Male) |
| 7:37 | Build | Outpost |
| 7:42 | Create | Fishing Ship |
| 7:47 | Create | Villager (Male) ×2 |
| 8:23 | Create | Villager (Male) |
| 8:31 | Build | Lumber Camp |
| 8:37 | Create | Villager (Male) |
| 9:05 | Create | Fishing Ship |
| 9:15 | Create | Villager (Male) |
| 9:15 | Create | Villager (Male) |
| 9:22 | Create | Villager (Male) |
| 9:22 | Create | Villager (Male) |
| 9:43 | Build | House |
| 9:49 | Build | House |
| 9:53 | Build | House |
| 10:30 | Create | Villager (Male) ×3 |
| 10:54 | Create | Fishing Ship ×3 |
| 11:30 | Build | Dock |
| 11:35 | Create | Villager (Male) ×2 |
| 11:59 | Build | House |
| 12:01 | Build | House |
| 12:05 | Build | House |
| 12:08 | Build | House |
| 12:14 | Create | Fishing Ship |
| 12:15 | Create | Fishing Ship |
| 12:33 | Create | Villager (Male) ×5 |
| 12:33 | Create | Villager (Male) ×2 |
| 12:38 | Create | Fishing Ship |
| 12:38 | Create | Fishing Ship |
| 13:02 | Create | Fishing Ship |
| 13:02 | Create | Fishing Ship |
| 13:11 | Create | Villager (Male) ×2 |
| 13:11 | Create | Villager (Male) ×2 |
| 13:20 | Build | Lumber Camp |
| 13:33 | Create | Fishing Ship |
| 14:10 | Create | Fishing Ship ×2 |
| 14:10 | Create | Fishing Ship ×2 |
| 14:11 | Create | Fishing Ship |
| 14:40 | Create | Fishing Ship ×2 |
| 15:06 | Create | Fishing Ship ×2 |
| 15:06 | Create | Fishing Ship ×2 |
| 15:41 | Create | Fishing Ship ×2 |
| 16:35 | Build | Mining Camp |
| 16:37 | Research | Feudal Age |
| 17:03 | Build | Mining Camp |
| 17:14 | Build | Barracks |
| 17:32 | Create | Fishing Ship ×5 |
| 17:33 | Create | Fishing Ship ×5 |
| 17:38 | Create | Fishing Ship |
| 18:21 | Create | Villager (Male) ×5 |
| 18:47 | Age | Feudal Age |
| 18:53 | Research | Double-Bit Axe |
| 18:56 | Research | Gold Mining |
| 19:21 | Build | Archery Range |
| 19:42 | Build | House |
| 19:44 | Build | House |
| 20:08 | Build | Blacksmith |
| 20:15 | Build | Mill |
| 20:39 | Research | Stone Mining |
| 20:55 | Build | House |
| 20:59 | Build | House |
| 21:00 | Build | House |
| 21:08 | Build | Market |
| 21:22 | Research | Castle Age |
| 21:31 | Create | Skirmisher ×5 |
| 21:32 | Create | Skirmisher |
| 22:01 | Build | Archery Range |
| 22:46 | Build | Watch Tower |
| 22:53 | Create | Spearman |
| 22:53 | Create | Spearman |
| 24:02 | Create | Spearman |
| 24:02 | Create | Spearman |
| 24:02 | Create | Spearman |
| 24:02 | Create | Spearman |
| 24:03 | Create | Spearman |
| 24:03 | Create | Spearman |
| 24:09 | Age | Castle Age |
| 24:40 | Build | Castle |
| 24:57 | Create | Cavalry Archer |
| 24:58 | Create | Cavalry Archer |
| 24:58 | Create | Cavalry Archer |
| 24:58 | Create | Cavalry Archer |
| 24:59 | Create | Cavalry Archer |
| 25:30 | Build | Archery Range |
| 26:20 | Build | Siege Workshop |
| 26:40 | Build | Archery Range |
| 26:45 | Create | Villager (Male) ×5 |
| 26:45 | Create | Villager (Male) ×5 |
Build order — tonijite
51 actions detected in the replay
| 2:25 | Build | Town Center |
| 3:32 | Build | Dock |
| 4:34 | Create | Villager (Male) |
| 4:35 | Create | Villager (Male) |
| 4:35 | Create | Villager (Male) |
| 4:36 | Create | Villager (Male) |
| 4:52 | Build | House |
| 6:22 | Create | Villager (Male) |
| 6:49 | Create | Fishing Ship |
| 6:59 | Create | Villager (Male) |
| 7:23 | Create | Villager (Male) |
| 7:35 | Build | House |
| 8:35 | Create | Villager (Male) |
| 8:36 | Create | Villager (Male) |
| 8:36 | Create | Villager (Male) |
| 8:52 | Create | Fishing Ship |
| 9:16 | Build | House |
| 9:23 | Build | House |
| 9:48 | Create | Villager (Male) |
| 10:04 | Create | Villager (Male) |
| 10:12 | Create | Fishing Ship |
| 10:25 | Build | House |
| 10:50 | Create | Fishing Ship |
| 11:11 | Build | House |
| 12:02 | Create | Fishing Ship |
| 12:03 | Create | Fishing Ship |
| 12:23 | Build | Mule Cart |
| 12:39 | Create | Villager (Male) |
| 12:40 | Create | Villager (Male) |
| 12:40 | Create | Villager (Male) |
| 12:48 | Research | Loom |
| 14:08 | Build | Mill |
| 14:33 | Research | Feudal Age |
| 14:43 | Build | Farm |
| 14:44 | Build | Farm |
| 15:17 | Create | Villager (Male) |
| 15:18 | Create | Villager (Male) |
| 15:19 | Create | Villager (Male) |
| 15:46 | Create | Fishing Ship |
| 15:47 | Create | Fishing Ship |
| 15:56 | Build | Dock |
| 16:41 | Create | Fishing Ship |
| 16:41 | Create | Fishing Ship |
| 16:43 | Age | Feudal Age |
| 19:43 | Build | Mule Cart |
| 20:08 | Build | Blacksmith |
| 21:42 | Build | Town Center |
| 22:48 | Build | Market |
| 23:10 | Research | Castle Age |
| 23:26 | Build | Barracks |
| 24:34 | Build | Stable |
Build order — Need
First 150 of 159 actions detected
| 0:10 | Build | House |
| 0:15 | Build | Town Center |
| 1:52 | Build | Dock |
| 2:33 | Create | Villager (Male) ×4 |
| 2:34 | Create | Villager (Male) ×4 |
| 3:29 | Create | Fishing Ship |
| 3:29 | Create | Fishing Ship |
| 3:40 | Research | Loom |
| 3:41 | Research | Loom |
| 3:41 | Create | Villager (Male) |
| 3:41 | Create | Villager (Male) |
| 4:27 | Create | Villager (Male) |
| 4:28 | Create | Villager (Male) |
| 4:44 | Create | Fishing Ship |
| 4:47 | Create | Villager (Male) |
| 4:48 | Create | Villager (Male) |
| 5:10 | Build | House |
| 5:13 | Create | Fishing Ship |
| 5:13 | Create | Fishing Ship |
| 5:30 | Create | Villager (Male) ×2 |
| 5:30 | Create | Villager (Male) ×2 |
| 6:14 | Create | Fishing Ship |
| 6:14 | Create | Fishing Ship |
| 6:15 | Create | Villager (Male) ×2 |
| 6:15 | Create | Villager (Male) ×2 |
| 6:19 | Build | House |
| 6:41 | Build | House |
| 6:57 | Create | Villager (Male) |
| 6:57 | Create | Villager (Male) |
| 6:59 | Create | Villager (Male) |
| 6:59 | Create | Villager (Male) |
| 7:11 | Create | Fishing Ship |
| 7:11 | Create | Fishing Ship |
| 7:38 | Create | Villager (Male) |
| 7:51 | Create | Fishing Ship |
| 7:51 | Create | Fishing Ship |
| 7:55 | Build | House |
| 8:08 | Create | Villager (Male) |
| 8:10 | Create | Villager (Male) |
| 8:10 | Create | Villager (Male) ×3 |
| 8:10 | Create | Villager (Male) ×3 |
| 8:18 | Create | Villager (Male) |
| 8:18 | Create | Villager (Male) |
| 8:29 | Create | Fishing Ship |
| 8:29 | Create | Fishing Ship |
| 8:38 | Create | Villager (Male) |
| 8:38 | Create | Villager (Male) |
| 8:39 | Create | Villager (Male) ×2 |
| 8:39 | Create | Villager (Male) ×2 |
| 8:40 | Create | Villager (Male) ×2 |
| 9:01 | Create | Villager (Male) |
| 9:01 | Create | Villager (Male) |
| 9:02 | Create | Fishing Ship |
| 9:02 | Create | Fishing Ship |
| 9:10 | Create | Fishing Ship |
| 9:10 | Create | Fishing Ship |
| 9:20 | Create | Villager (Male) |
| 9:20 | Create | Villager (Male) |
| 9:30 | Build | House |
| 9:33 | Build | House |
| 9:42 | Build | Mining Camp |
| 9:48 | Create | Villager (Male) |
| 9:49 | Create | Villager (Male) |
| 10:09 | Create | Villager (Male) |
| 10:10 | Create | Villager (Male) |
| 10:34 | Build | Mill |
| 10:36 | Research | Feudal Age |
| 10:36 | Research | Feudal Age |
| 11:02 | Create | Villager (Male) |
| 12:41 | Build | House |
| 12:48 | Age | Feudal Age |
| 12:53 | Build | Dock |
| 12:56 | Create | Villager (Male) |
| 13:15 | Build | Market |
| 13:17 | Build | Blacksmith |
| 13:27 | Create | Villager (Male) |
| 13:46 | Research | Castle Age |
| 14:56 | Build | Mining Camp |
| 15:14 | Create | Villager (Male) |
| 15:48 | Research | Fletching |
| 15:49 | Research | Fletching |
| 15:53 | Build | Lumber Camp |
| 16:17 | Research | Double-Bit Axe |
| 16:17 | Research | Double-Bit Axe |
| 16:43 | Age | Castle Age |
| 16:43 | Research | Bodkin Arrow |
| 16:43 | Research | Bodkin Arrow |
| 16:44 | Create | Villager (Male) |
| 17:10 | Build | Castle |
| 17:14 | Create | Villager (Male) |
| 17:18 | Create | Villager (Male) |
| 17:20 | Research | Bow Saw |
| 17:20 | Research | Bow Saw |
| 17:32 | Research | Tech 906 |
| 17:32 | Research | Tech 906 |
| 17:56 | Create | Villager (Male) |
| 18:32 | Create | Villager (Male) |
| 18:33 | Create | Villager (Male) |
| 19:17 | Create | Mangudai |
| 19:17 | Create | Mangudai |
| 19:18 | Create | Mangudai |
| 19:18 | Create | Mangudai |
| 19:19 | Create | Villager (Male) |
| 19:19 | Create | Villager (Male) |
| 19:29 | Create | Villager (Male) |
| 19:37 | Build | University |
| 19:42 | Research | Gold Mining |
| 19:42 | Research | Gold Mining |
| 19:45 | Research | Padded Archer Armor |
| 19:45 | Research | Padded Archer Armor |
| 19:54 | Create | Mangudai |
| 19:57 | Build | Lumber Camp |
| 20:21 | Create | Mangudai |
| 20:27 | Create | Villager (Male) |
| 20:44 | Create | Mangudai |
| 20:44 | Create | Mangudai |
| 20:52 | Create | Mangudai |
| 21:23 | Create | Mangudai |
| 21:31 | Create | Mangudai |
| 21:43 | Build | Dock |
| 21:44 | Create | Villager (Male) |
| 21:44 | Create | Villager (Male) |
| 21:44 | Create | Villager (Male) |
| 21:55 | Research | Ballistics |
| 22:05 | Create | Villager (Male) |
| 22:18 | Build | Siege Workshop |
| 22:30 | Create | Mangudai |
| 22:56 | Create | Mangonel |
| 22:56 | Create | Mangonel |
| 23:13 | Create | Villager (Male) |
| 23:15 | Research | Wheelbarrow |
| 23:15 | Research | Wheelbarrow |
| 23:29 | Create | Mangonel |
| 23:30 | Create | Mangonel |
| 23:58 | Create | Mangonel |
| 24:11 | Create | Villager (Male) |
| 24:12 | Create | Mangudai |
| 24:13 | Create | Mangudai |
| 24:31 | Create | Mangudai |
| 24:33 | Create | Villager (Male) |
| 24:45 | Create | Mangudai |
| 25:03 | Create | Villager (Male) |
| 25:05 | Create | Mangonel |
| 25:33 | Create | Mangonel |
| 25:34 | Create | Villager (Male) |
| 25:36 | Create | Mangudai |
| 25:36 | Create | Mangudai |
| 25:40 | Build | House |
| 25:40 | Build | House |
| 25:40 | Build | House |
Build order — fran61169
88 actions detected in the replay
| 0:18 | Build | Town Center |
| 2:43 | Create | Villager (Male) |
| 2:43 | Create | Villager (Male) |
| 2:44 | Create | Villager (Male) |
| 2:44 | Create | Villager (Male) |
| 2:44 | Create | Villager (Male) |
| 3:12 | Build | House |
| 3:25 | Create | Villager (Male) |
| 3:30 | Create | Villager (Male) |
| 3:31 | Create | Villager (Male) |
| 3:50 | Build | House |
| 3:53 | Create | Villager (Male) |
| 3:53 | Create | Villager (Male) |
| 4:27 | Build | House |
| 5:04 | Create | Villager (Male) |
| 5:04 | Create | Villager (Male) |
| 5:36 | Create | Villager (Male) |
| 5:36 | Create | Villager (Male) |
| 6:09 | Create | Villager (Male) |
| 6:11 | Create | Villager (Male) |
| 7:24 | Create | Villager (Male) |
| 7:24 | Create | Villager (Male) |
| 8:13 | Create | Villager (Male) |
| 8:14 | Create | Villager (Male) |
| 8:14 | Create | Villager (Male) |
| 8:25 | Build | House |
| 9:16 | Build | Mill |
| 9:30 | Create | Villager (Male) |
| 9:32 | Create | Villager (Male) |
| 9:39 | Build | Donjon |
| 10:12 | Create | Villager (Male) |
| 10:12 | Create | Villager (Male) |
| 10:33 | Create | Villager (Male) |
| 10:34 | Create | Villager (Male) |
| 10:35 | Create | Villager (Male) |
| 10:35 | Research | Loom |
| 11:57 | Build | Lumber Camp |
| 12:09 | Build | House |
| 12:23 | Research | Feudal Age |
| 13:39 | Create | Villager (Male) |
| 13:39 | Create | Villager (Male) |
| 13:40 | Create | Villager (Male) |
| 14:26 | Build | Farm |
| 14:35 | Build | Farm |
| 14:46 | Build | Farm |
| 15:06 | Build | Market |
| 15:16 | Build | Blacksmith |
| 16:06 | Build | Farm |
| 16:07 | Build | Farm |
| 16:18 | Build | Farm |
| 16:21 | Create | Villager (Male) |
| 16:32 | Build | House |
| 16:56 | Create | Villager (Male) |
| 17:13 | Build | House |
| 17:26 | Research | Castle Age |
| 17:39 | Create | Serjeant |
| 17:39 | Create | Serjeant |
| 17:40 | Create | Serjeant |
| 17:55 | Research | Scale Mail Armor |
| 18:22 | Create | Serjeant |
| 18:38 | Create | Serjeant |
| 19:17 | Create | Villager (Male) |
| 20:09 | Create | Serjeant |
| 20:25 | Create | Villager (Male) |
| 20:40 | Build | Town Center |
| 20:47 | Build | Farm |
| 21:15 | Create | Villager (Male) |
| 21:31 | Build | Outpost |
| 21:36 | Create | Villager (Male) |
| 21:56 | Create | Serjeant |
| 22:13 | Build | Farm |
| 22:14 | Build | Farm |
| 22:15 | Build | Farm |
| 22:16 | Build | Farm |
| 22:17 | Build | Farm |
| 22:18 | Build | Farm |
| 22:36 | Build | Farm |
| 22:43 | Create | Serjeant |
| 23:15 | Create | Villager (Male) |
| 23:56 | Build | Farm |
| 24:19 | Build | Farm |
| 24:27 | Create | Villager (Male) |
| 24:51 | Create | Villager (Male) |
| 26:20 | Build | Castle |
| 26:29 | Create | Villager (Male) |
| 26:29 | Create | Villager (Male) |
| 26:30 | Create | Villager (Male) |
| 26:37 | Research | Fletching |
Build order — Long
97 actions detected in the replay
| 1:24 | Build | Town Center |
| 2:01 | Build | House |
| 2:26 | Build | House |
| 2:28 | Build | House |
| 2:40 | Build | Mill |
| 4:05 | Create | Villager (Male) |
| 4:05 | Create | Villager (Male) |
| 4:05 | Create | Villager (Male) |
| 4:06 | Create | Villager (Male) |
| 4:06 | Create | Villager (Male) |
| 5:43 | Create | Villager (Male) |
| 6:03 | Create | Villager (Male) |
| 6:03 | Create | Villager (Male) |
| 6:39 | Research | Loom |
| 6:56 | Create | Villager (Male) |
| 6:56 | Create | Villager (Male) |
| 7:30 | Create | Villager (Male) |
| 7:30 | Create | Villager (Male) |
| 8:12 | Create | Villager (Male) |
| 8:26 | Build | Lumber Camp |
| 8:45 | Create | Villager (Male) |
| 9:07 | Create | Villager (Male) |
| 10:19 | Create | Villager (Male) |
| 10:20 | Create | Villager (Male) |
| 11:08 | Build | House |
| 11:10 | Build | House |
| 11:26 | Create | Villager (Male) |
| 11:26 | Create | Villager (Male) |
| 11:56 | Build | House |
| 12:47 | Build | House |
| 13:50 | Build | Barracks |
| 14:02 | Research | Feudal Age |
| 14:41 | Build | Lumber Camp |
| 14:55 | Build | House |
| 15:35 | Build | Dock |
| 15:50 | Create | Villager (Male) |
| 15:50 | Create | Villager (Male) |
| 15:55 | Build | House |
| 16:12 | Age | Feudal Age |
| 16:13 | Research | Horse Collar |
| 16:16 | Research | Double-Bit Axe |
| 16:23 | Build | Farm |
| 16:32 | Build | Stable |
| 16:50 | Create | Trade Cog |
| 16:51 | Create | Trade Cog |
| 16:58 | Build | Farm |
| 17:10 | Create | Villager (Male) |
| 17:10 | Create | Villager (Male) |
| 17:11 | Create | Villager (Male) |
| 17:15 | Build | Farm |
| 17:25 | Build | Blacksmith |
| 17:41 | Build | Farm |
| 17:56 | Create | Villager (Male) |
| 17:56 | Create | Villager (Male) |
| 17:57 | Create | Villager (Male) |
| 17:57 | Create | Villager (Male) |
| 17:58 | Create | Villager (Male) |
| 18:06 | Build | Farm |
| 18:33 | Build | Farm |
| 18:57 | Build | Stable |
| 19:01 | Build | Farm |
| 19:25 | Build | Farm |
| 19:28 | Build | Farm |
| 19:29 | Build | Farm |
| 19:31 | Create | Villager (Male) |
| 19:32 | Create | Villager (Male) |
| 19:32 | Create | Villager (Male) |
| 19:33 | Create | Villager (Male) |
| 19:33 | Create | Villager (Male) |
| 19:55 | Build | Mining Camp |
| 20:38 | Build | Market |
| 20:40 | Research | Gold Mining |
| 20:54 | Build | Mining Camp |
| 21:28 | Research | Stone Mining |
| 22:19 | Create | Villager (Male) |
| 22:19 | Create | Villager (Male) |
| 22:20 | Create | Villager (Male) |
| 22:27 | Create | Trade Cog |
| 22:27 | Create | Trade Cog |
| 22:28 | Create | Trade Cog |
| 22:40 | Build | Farm |
| 22:41 | Build | Farm |
| 22:42 | Build | Farm |
| 22:44 | Build | Farm |
| 22:46 | Build | Farm |
| 22:48 | Build | Farm |
| 23:55 | Build | Farm |
| 24:05 | Research | Castle Age |
| 24:17 | Create | Trade Cog |
| 24:19 | Create | Trade Cog |
| 25:41 | Create | Trade Cog |
| 25:41 | Create | Trade Cog |
| 25:42 | Create | Trade Cog |
| 25:43 | Create | Trade Cog |
| 25:53 | Build | House |
| 26:07 | Build | House |
| 26:45 | Age | Castle Age |
Match timeline
| 1:18 | 楊家富是菜DOG · first_building Dock |
| 1:52 | Need · first_building Dock |
| 3:32 | tonijite · first_building Dock |
| 9:39 | fran61169 · first_building Donjon |
| 10:12 | frizboum · first_building Dock |
| 12:48 | Need · age_up feudal |
| 13:50 | Long · first_building Barracks |
| 15:35 | Long · first_building Dock |
| 16:04 | frizboum · first_building Barracks |
| 16:12 | Long · age_up feudal |
| 16:32 | Long · first_building Stable |
| 16:43 | Need · age_up castle |
| 16:43 | tonijite · age_up feudal |
| 17:10 | Need · first_building Castle |
| 17:14 | 楊家富是菜DOG · first_building Barracks |
| 18:16 | frizboum · first_building Archery Range |
| 18:47 | 楊家富是菜DOG · age_up feudal |
| 19:21 | 楊家富是菜DOG · first_building Archery Range |
| 21:21 | frizboum · first_market_sell 100 wood |
| 22:05 | frizboum · tribute_sent a jugador 2 |
| 22:05 | frizboum · tribute_sent a jugador 3 |
| 22:05 | frizboum · tribute_sent a jugador 4 |
| 22:05 | frizboum · tribute_sent a jugador 5 |
| 22:05 | frizboum · tribute_sent a jugador 6 |
| 22:18 | Need · first_building Siege Workshop |
| 23:26 | tonijite · first_building Barracks |
| 24:09 | 楊家富是菜DOG · age_up castle |
| 24:13 | 楊家富是菜DOG · first_market_sell 100 food |
| 24:16 | 楊家富是菜DOG · first_market_buy 100 stone |
| 24:24 | frizboum · first_market_buy 100 stone |
| 24:34 | tonijite · first_building Stable |
| 24:36 | frizboum · first_building Castle |
| 24:40 | 楊家富是菜DOG · first_building Castle |
| 26:06 | tonijite · resign |
| 26:20 | 楊家富是菜DOG · first_building Siege Workshop |
| 26:20 | fran61169 · first_building Castle |
| 26:33 | frizboum · first_building Siege Workshop |
| 26:45 | Long · age_up castle |
| 26:58 | Need · first_building Barracks |
[ AI ANALYSIS · 1 CREDIT ]
What really happened in this match?
Wolo.gg analyzes every decision: build order, eco, micro, common mistakes by bracket. Personalized analysis on WhatsApp or Discord in 30 seconds.
Civ guide
Vietnamese
Map guide
Nomad
Perfil
Jugador #760708